AoeStats
← Matze91

Arena

509870694Analyzed
4v4 RM · 4d ago on Sep 28, 2026· 38m 23s· 8 players
Game mode
Random Map
Map size
Large (8 player)
Population
200
Speed
Normal
Resources
Standard
Victory
Conquest
Starting age
Dark Age
Ending age
Imperial Age
RankedLock teamsTeams togetherTeam positionsShared explorationLock speedFull tech treeHidden civsTurbo modeCheats
Victory
Defeat
🇩🇪 Khmer · Germany
937
+15
🇨🇿 Bohemians · Czechia
915
+16
🇫🇷 Celts · France
880
+17
🇫🇷 Bohemians · France
866
+18
🇨🇦 Teutons · Canada
1033
-22
🇨🇳 Varangians · China
924
-17
🇹🇷 Ethiopians · Türkiye
847
-14
🇹🇷 Bohemians · Türkiye
826
-13
Matze91
11:07 Feudal Age
14:08 Castle Age
11:57 Double-Bit Axe
13:45 Horse Collar
15:34 Heavy Plow
20:35 Stone Mining
21:23 Bow Saw
22:49 Wheelbarrow
22:00 Loom
25:43 Padded Archer Armor
26:07 Scale Barding Armor
26:17 Caravan
26:37 Gold Mining
28:25 Gold Shaft Mining
28:30 Devotion
30:49 Leather Archer Armor
30:38 Husbandry
30:48 Bloodlines
30:00 Light Cavalry
33:16 Imperial Age
31:02 Hand Cart
30:34 Town Watch
31:33 Chain Barding Armor
32:43 Town Patrol
32:57 Forging
34:19 Iron Casting
34:47 Crop Rotation
35:00 Ring Archer Armor
34:55 Conscription
36:05 Blast Furnace
35:44 Plate Barding Armor
36:25 Ballistics
35:45 Hussar
36:29 Fletching
37:47 Double Crossbow
Plechy
1:14 Loom
12:01 Feudal Age
16:30 Castle Age
14:48 Double-Bit Axe
29:53 Wheelbarrow
35:46 Imperial Age
35:22 Fervor
38:13 Chemistry
37:37 Hand Cart
38:47 Bow Saw
BillyBat
10:09 Feudal Age
11:47 Wheelbarrow
15:50 Castle Age
14:59 Double-Bit Axe
15:45 Horse Collar
17:15 Bow Saw
18:04 Heavy Plow
20:48 Hand Cart
24:37 Fletching
26:29 Ballistics
27:44 Murder Holes
27:57 Bodkin Arrow
29:14 Fortified Wall
34:05 Imperial Age
34:22 Forging
34:18 Scale Barding Armor
35:53 Chemistry
34:28 Elite Hussite Wagon
35:57 Iron Casting
36:09 Chain Barding Armor
36:29 Conscription
35:48 Light Cavalry
36:32 Husbandry
Zbar
0:28 Loom
12:13 Feudal Age
15:42 Town Watch
20:46 Castle Age
20:11 Horse Collar
20:23 Stone Mining
20:32 Gold Mining
21:04 Double-Bit Axe
23:29 Crossbowman
26:43 Wheelbarrow
27:37 Ballistics
29:17 Murder Holes
30:19 Forging
30:10 Padded Archer Armor
31:55 Iron Casting
34:37 Imperial Age
32:58 Stronghold
33:11 Scale Mail Armor
34:19 Chain Mail Armor
34:48 Bow Saw
34:42 Heavy Plow
35:37 Elite Skirmisher
37:39 Blast Furnace
37:41 Gold Shaft Mining
37:51 Conscription
thegladiator989
11:01 Feudal Age
12:20 Wheelbarrow
12:37 Loom
15:30 Castle Age
13:23 Horse Collar
14:48 Double-Bit Axe
16:03 Town Watch
24:46 Bloodlines
25:45 Fervor
25:50 Heavy Plow
27:12 Sanctity
27:32 Bow Saw
28:34 Hand Cart
32:35 Imperial Age
30:45 Gold Mining
30:46 Stone Mining
31:21 Gambesons
30:57 Pikeman
31:53 Forging
31:44 Scale Mail Armor
31:50 Scale Barding Armor
31:35 Fletching
33:10 Masonry
33:11 Fortified Wall
33:21 Ballistics
33:56 Stone Shaft Mining
33:29 Squires
33:14 Arson
34:35 Conscription
34:37 Crenellations
36:15 Two-Man Saw
36:02 Iron Casting
35:42 Chain Mail Armor
35:48 Chain Barding Armor
35:24 Bodkin Arrow
34:52 Halberdier
35:43 Town Patrol
35:12 Cavalier
38:58 Blast Furnace
38:28 Plate Mail Armor
37:37 Paladin
38:55 Siege Engineers
39:52 Chemistry
38:37 Arrowslits
Klarnetci sofi
10:47 Feudal Age
14:58 Castle Age
13:22 Stone Mining
13:26 Horse Collar
13:51 Double-Bit Axe
16:37 Stone Shaft Mining
17:39 Loom
20:48 Gold Mining
28:10 Squires
28:11 Arson
31:26 Wheelbarrow
35:44 Imperial Age
33:37 Ballistics
33:40 Heavy Plow
35:07 Bow Saw
35:20 Scale Mail Armor
36:28 Gold Shaft Mining
36:06 Forging
37:34 Chemistry
37:33 Onager
XOnurX
9:03 Loom
12:26 Feudal Age
17:43 Castle Age
19:59 Horse Collar
20:06 Double-Bit Axe
19:51 Pikeman
20:37 Scale Mail Armor
22:21 Forging
31:50 Chemistry
33:38 Iron Casting
33:18 Chain Mail Armor
34:35 Fletching
34:46 Padded Archer Armor
38:15 Imperial Age
38:11 Fletching
MaChi
10:05 Feudal Age
Connection lost

Rejoining the realm…

Still unreachable

The connection could not be restored.

Session expired

The server has moved on; the page needs a fresh start.